AoeStats
← kHaNbHaI

Arena

509975472Analyzed
4v4 RM · 4d ago on Sep 28, 2026· 118m 31s· 8 players
Game mode
Random Map
Map size
Large (8 player)
Population
200
Speed
Normal
Resources
Standard
Victory
Conquest
Starting age
Dark Age
Ending age
Imperial Age
RankedLock teamsTeams togetherTeam positionsShared explorationLock speedFull tech treeHidden civsTurbo modeCheats
Victory
Defeat
🇸🇪 Varangians · Sweden
871
+14
🇩🇪 Teutons · Germany
826
+16
🇩🇪 Turks · Germany
824
+16
🇫🇷 Saracens · France
805
+17
🇧🇷 Georgians · Brazil
865
-17
🇦🇷 Armenians · Argentina
854
-16
🇦🇷 Franks · Argentina
834
-16
🇧🇷 Britons · Brazil
785
-14
lucasdboca
0:29 Loom
10:21 Feudal Age
11:05 Double-Bit Axe
12:03 Wheelbarrow
18:32 Castle Age
17:07 Stone Mining
18:29 Scale Mail Armor
18:40 Forging
21:19 Gold Mining
24:15 Iron Casting
29:43 Hand Cart
33:29 Imperial Age
31:58 Gold Shaft Mining
32:00 Town Watch
32:51 Chain Mail Armor
32:58 Bow Saw
36:50 Blast Furnace
36:12 Ballistics
36:53 Chemistry
36:03 Fortified Wall
37:09 Elite Throwing Axeman
38:48 Plate Mail Armor
38:24 Town Patrol
38:45 Pikeman
39:25 Squires
39:11 Arson
39:46 Scale Barding Armor
39:41 Padded Archer Armor
39:32 Fletching
40:32 Siege Engineers
40:42 Elite Skirmisher
45:58 Bodkin Arrow
46:19 Leather Archer Armor
46:24 Chain Barding Armor
49:38 Plate Barding Armor
48:53 Halberdier
53:29 Cavalier
54:09 Husbandry
55:40 Paladin
81:16 Light Cavalry
89:41 Masonry
89:28 Murder Holes
89:15 Treadmill Crane
89:27 Guard Tower
89:23 Arrowslits
91:11 Caravan
91:57 Coinage
91:13 Onager
RHMM16
10:13 Feudal Age
14:35 Castle Age
13:31 Horse Collar
19:46 Double-Bit Axe
21:30 Fervor
25:35 Wheelbarrow
25:53 Heavy Plow
28:23 Bloodlines
33:09 Imperial Age
30:51 Gold Mining
34:18 Conscription
35:53 Scale Mail Armor
36:02 Scale Barding Armor
37:11 Forging
37:10 Husbandry
37:37 Hand Cart
38:40 Stone Mining
40:21 Chain Barding Armor
41:23 Elite Monaspa
Guará
9:58 Feudal Age
10:45 Horse Collar
12:39 Wheelbarrow
12:59 Double-Bit Axe
19:30 Castle Age
18:08 Man-at-Arms
19:12 Stone Mining
19:21 Gold Mining
25:12 Hand Cart
26:33 Padded Archer Armor
26:23 Fletching
29:11 Bow Saw
32:17 Masonry
32:34 Yeomen
32:41 Leather Archer Armor
32:23 Bodkin Arrow
38:18 Imperial Age
36:12 Ballistics
39:05 Elite Longbowman
40:30 Loom
40:30 Town Watch
41:28 Ring Archer Armor
40:59 Bracer
42:18 Chemistry
52:09 Warwolf
Mr Cobb
0:27 Loom
12:17 Feudal Age
20:37 Castle Age
18:34 Stone Mining
19:40 Horse Collar
20:01 Gold Mining
20:00 Double-Bit Axe
21:32 Heavy Plow
26:29 Pikeman
29:48 Wheelbarrow
31:51 Hand Cart
32:20 Gold Shaft Mining
31:59 Bow Saw
31:27 Halberdier
32:09 Fletching
32:23 Padded Archer Armor
33:14 Forging
34:16 Bodkin Arrow
34:49 Leather Archer Armor
34:26 Man-at-Arms
39:49 Imperial Age
37:07 Town Watch
37:26 Squires
37:13 Arson
36:49 Long Swordsman
37:34 Scale Mail Armor
38:33 Iron Casting
38:20 Two-Handed Swordsman
38:51 Gambesons
39:58 Champion
42:22 Elite Composite Bowman
43:26 Bracer
44:55 Ring Archer Armor
45:26 Blast Furnace
46:12 Chemistry
44:57 Treadmill Crane
45:28 Fortified Wall
46:29 Chain Mail Armor
48:58 Plate Mail Armor
50:15 Conscription
53:06 Fereters
57:23 Town Patrol
71:44 Caravan
72:15 Coinage
71:55 Guilds
76:00 Banking
84:35 Capped Ram
85:37 Siege Ram
103:16 Heavy Scorpion
105:52 Ballistics
105:44 Masonry
farigs4
10:46 Feudal Age
11:31 Double-Bit Axe
13:14 Wheelbarrow
15:17 Stone Mining
15:19 Gold Mining
20:50 Castle Age
19:37 Padded Archer Armor
19:42 Fletching
19:56 Horse Collar
22:17 Bow Saw
24:10 Hand Cart
28:36 Gold Shaft Mining
32:21 Imperial Age
30:18 Bodkin Arrow
30:38 Leather Archer Armor
30:30 Elite Skirmisher
32:06 Thumb Ring
33:16 Ballistics
34:14 Bracer
34:45 Ring Archer Armor
44:24 Chemistry
51:20 Conscription
60:44 Scale Barding Armor
60:50 Forging
60:11 Light Cavalry
61:54 Bloodlines
61:45 Husbandry
62:28 Coinage
62:23 Chain Barding Armor
63:05 Heavy Camel Rider
63:51 Hussar
84:18 Pikeman
85:07 Scale Mail Armor
87:04 Caravan
92:10 Two-Man Saw
94:56 Chain Mail Armor
95:17 Iron Casting
95:29 Banking
100:25 Plate Barding Armor
100:51 Blast Furnace
100:28 Plate Mail Armor
_marcus_
10:36 Feudal Age
11:26 Horse Collar
11:40 Double-Bit Axe
19:30 Castle Age
17:41 Stone Mining
17:42 Gold Mining
20:41 Bow Saw
21:09 Gold Shaft Mining
21:53 Wheelbarrow
25:25 Heavy Plow
32:07 Imperial Age
30:32 Hand Cart
32:59 Murder Holes
33:27 Conscription
34:07 Artillery
35:50 Elite Janissary
40:08 Fletching
40:19 Padded Archer Armor
40:20 Scale Mail Armor
40:34 Fortified Wall
40:45 Ballistics
43:31 Crossbowman
44:16 Thumb Ring
46:04 Heavy Camel Rider
47:22 Bodkin Arrow
48:14 Husbandry
48:24 Bloodlines
53:46 Caravan
62:15 Chain Mail Armor
62:11 Forging
62:07 Scale Barding Armor
64:31 Sipahi
63:34 Heavy Scorpion
66:59 Arson
67:15 Squires
67:47 Plate Mail Armor
69:38 Iron Casting
69:04 Bracer
69:19 Leather Archer Armor
69:25 Chain Barding Armor
83:49 Heavy Cavalry Archer
84:55 Parthian Tactics
95:45 Capped Ram
107:02 Siege Ram
kHaNbHaI
11:58 Feudal Age
12:57 Horse Collar
13:04 Double-Bit Axe
19:55 Castle Age
18:15 Stone Mining
19:08 Gold Mining
21:19 Bow Saw
21:44 Heavy Plow
22:22 Stone Shaft Mining
26:36 Wheelbarrow
27:23 Fletching
27:29 Pikeman
31:17 Imperial Age
29:13 Squires
29:51 Town Watch
29:53 Loom
30:24 Hand Cart
30:27 Bodkin Arrow
31:19 Town Patrol
31:41 Arson
33:14 Hoardings
33:02 Conscription
32:33 Halberdier
35:52 Forging
35:43 Scale Mail Armor
35:49 Scale Barding Armor
37:22 Two-Man Saw
36:55 Crop Rotation
38:07 Iron Casting
37:48 Chain Mail Armor
38:38 Chemistry
37:59 Ballistics
37:50 Masonry
37:45 Siege Engineers
39:16 Chain Barding Armor
40:51 Bloodlines
40:02 Cavalier
41:55 Paladin
44:27 Blast Furnace
43:57 Plate Mail Armor
44:03 Plate Barding Armor
54:44 Elite Teutonic Knight
60:14 Crenellations
60:42 Gambesons
71:11 Fortified Wall
73:37 Caravan
ÍtsÁppleTime
11:21 Feudal Age
15:20 Castle Age
13:46 Double-Bit Axe
14:18 Horse Collar
14:53 Stone Mining
16:32 Wheelbarrow
17:15 Bow Saw
17:31 Heavy Plow
18:33 Gold Mining
24:27 Hand Cart
24:35 Loom
26:04 Scale Barding Armor
30:04 Stone Shaft Mining
30:28 Forging
34:11 Imperial Age
34:21 Elite Jarl
34:25 Capped Ram
37:34 Siege Ram
38:36 Husbandry
38:52 Bloodlines
39:36 Iron Casting
41:50 Blast Furnace
41:10 Chain Barding Armor
40:55 Elite Varangian Guard
41:21 Gambesons
41:36 Squires
40:57 Gothikon
42:49 Siege Engineers
49:19 Plate Barding Armor
58:59 Two-Man Saw
58:30 Crop Rotation
58:12 Cavalier
60:06 Fletching
63:20 Scale Mail Armor
63:17 Bodkin Arrow
68:42 Caravan
68:52 Guilds
69:03 Guilds
81:38 Treadmill Crane
82:14 Masonry
83:16 Vendel Legacy
104:25 Conscription
Connection lost

Rejoining the realm…

Still unreachable

The connection could not be restored.

Session expired

The server has moved on; the page needs a fresh start.